 Dungeon Sprint DCSS version 0.21-a0-110-g8e1637b (webtiles) character file.

5327 Kidiri the Unseen (level 10, 0/52 (53) HPs)
             Began as a Spriggan Enchanter on July 8, 2017.
             Was a Believer of Dithmenos.
             Slain by a deep troll (18 damage)
             ... in the Dungeon (Sprint II: "The Violet Keep of Menkaure").
             The game lasted 00:10:30 (1070 turns).

Kidiri the Unseen (Spriggan Enchanter)              Turns: 1070, Time: 00:10:30

HP:   0/52 (53)     AC:  4    Str:  4    XL:     10   Next: 38%
MP:   19/27         EV: 30    Int: 20    God:    Dithmenos [**....]
Gold: 333           SH:  0    Dex: 17    Spells: 21/33 levels left

rFire    . . .     SeeInvis +   a - +1 dagger
rCold    . . .     Gourm    .   (shield restricted)
rNeg     . . .     Faith    .   q - +1 robe {MR+}
rPois    .         Spirit   .   (helmet restricted)
rElec    .         Reflect  .   n - +0 cloak (curse)
rCorr    .         Harm     .   (gloves unavailable)
MR       ++...     NoTele   +   (boots unavailable)
Stlth    ++++......             m - amulet of regeneration
HPRegen  0.57/turn              b - ring of flight
MPRegen  0.20/turn              l - +2 ring of intelligence

@: wreathed by umbra, slow
A: unfitting armour, see invisible, clumsy 1, herbivore 3, speed 3, slow
metabolism 2, wild magic 1
a: Shadow Step, Renounce Religion, Evoke Flight


You were in the Dungeon.
You worshipped Dithmenos.
Dithmenos was pleased with you.
You were not hungry.

You visited 1 branch You collected 1296 gold pieces.
You spent 963 gold pieces at shops.

Inventory:

Hand Weapons
 a - a +1 dagger (weapon)
Armour
 i - a scarf of resistance
 k - a +2 robe of the Archmagi
 n - a cursed +0 cloak (worn)
 q - a +1 robe of magic resistance (worn)
Jewellery
 b - a ring of flight (left hand)
 l - a +2 ring of intelligence (right hand)
 m - an amulet of regeneration (around neck)
Wands
 e - a wand of digging (13/24)
Scrolls
 j - a scroll of blinking
 o - a scroll of magic mapping {unknown}
Potions
 f - a potion of heal wounds
 g - a potion of haste
 h - 2 potions of magic
 p - a potion of might {unknown}
Books
 c - a book of Maledictions

   Spells                             Type                      Level
   a - Corona                         Hexes                        1
   b - Ensorcelled Hibernation        Hexes/Ice                    2
   c - Confuse                        Hexes                        3
   d - Tukima's Dance                 Hexes                        3
   e - Dazzling Spray                 Conjuration/Hexes            3
Comestibles
 d - a bread ration


   Skills:
 + Level 5.7 Fighting
 * Level 10.8 Short Blades
 + Level 5.1 Armour
 * Level 13.9 Dodging
 * Level 15.3 Stealth
 * Level 12.0 Spellcasting
 + Level 4.0 Conjurations
 + Level 9.3 Hexes
 + Level 4.6 Ice Magic
 + Level 2.6 Invocations
 + Level 5.0 Evocations


You had 21 spell levels left.
You knew the following spells:

 Your Spells              Type           Power        Failure   Level  Hunger
a - Corona                Hex            ######.      1%          1    None
b - Ensorcelled Hibernat  Hex/Ice        ######       1%          2    None
c - Confuse               Hex            ######..     1%          3    None
d - Tukima's Dance        Hex            ######..     1%          3    None
e - Dazzling Spray        Conj/Hex       ######       2%          3    None


Dungeon Overview and Level Annotations

Branches:
Dungeon (1/1)

Altars:
Cheibriados
Dithmenos
Elyvilon
Fedhas
Gozag
Hepliaklqana
Kikubaaqudgha
Makhleb
Nemelex Xobeh
Okawaru
Qazlal
Ru
Sif Muna
Trog
Uskayaw
Vehumet
Wu Jian
Xom
Yredelemnul
Zin
The Shining One
Beogh
Jiyva
Lugonu

Shops:
D :!?}*[!%}===[:=(

Annotations:
D exclusions: oklob plant and swamp drake, Roxanne


Innate Abilities, Weirdness & Mutations

You are very small and have problems with some larger weapons.
You are too small for most types of armour.
You have supernaturally acute eyesight. (SInv)
You are a herbivore.
You cover ground extremely quickly.
You need consume almost no food.
You are clumsy. (Dex -2)
Your spells are a little harder to cast, but a little more powerful.


Message History

Unknown command.
Your unstable footing causes you to fumble your attack.
The deep troll closely misses you. The deep troll completely misses you.
The deep troll misses you.
Unknown command.
You catch the helpless deep troll completely off-guard!
You skewer the deep troll like a kebab!!!
You kill the deep troll!
Dithmenos accepts your kill.
Your Spellcasting skill increases to level 12!
Your Conjurations skill increases to level 4!
Your Evocations skill increases to level 5!
Casting: Confuse
Confirm with . or Enter, or press ? or * to list all spells.
Aiming: Confuse
Press: ? - help, Shift-Dir - straight line, f - deep troll
Aim: a deep troll (heavily wounded, umbra, chance to defeat MR: 60%)
The deep troll appears confused.
The deep troll misses you. The deep troll completely misses you.
The deep troll claws you!!
You die...

#..####.# k# ####.[+.##.#
[▓?$$)(%)?▓▓
...#..#...####▓%?[?$?)(▓▓
#..#####..##.#▓?[???![[▓▓
##..#..+..#..#▓!)[$$![?▓▓
.#..#.†#..#).#▓)?%[[(!(▓▓
#+..####..##.#▓([$?(%((▓▓
.#....###...##▓▓▓▓▓▓▓+▓▓▓▓+
##......≈≈≈≈≈≈≈≈@T≈≈≈...≈≈≈
#≈≈.....≈#+########'###.≈≈
≈≈§≈≈≈..≈#_._.....#§§§##
≈≈§≈≈≈≈.≈#._._....#§§≈≈## ▓▓
≈≈§§≈≈≈≈§#_._._...#§§§≈§##$$#
≈≈≈§≈≈≈≈≈#._._._..#§§§§§§#$.#
≈≈§≈≈§§§§#_._._._.#§§§§§§§$$+
#≈§§###§≈#._._._._#≈§≈≈§§#$.#
#≈§#.._._._.#§§≈≈≈§▓ #


You could see a deep troll (confused).

Vanquished Creatures
  An ice dragon (D)
  A great orb of eyes (D)
  A deep troll (D)
  A merfolk siren (D)
  A yaktaur (D)
  5 polar bears (D)
  A hornet (D)
  2 tyrant leeches (D)
  4 neqoxecs (D)
  Menkaure (D)
  4 necrophages (D)
  3 crocodiles (D)
  A hell rat (D)
26 creatures vanquished.

Vanquished Creatures (others)
  A crocodile (D)
  16 tentacles (D)
17 creatures vanquished.

Grand Total: 43 creatures vanquished

Notes
Turn   | Place    | Note
-------+----------+-------------------------------------------
     0 | D        | Kidiri the Spriggan Enchanter began the quest for the Orb.
     0 | D        | Reached XP level 1. HP: 9/9 MP: 5/5
     1 | D        | Noticed a merfolk siren
     4 | D        | Noticed a necrophage
     4 | D        | Noticed a necrophage
     4 | D        | Noticed a necrophage
     4 | D        | Noticed a necrophage
    14 | D        | Killed a necrophage
    14 | D        | Reached skill level 1 in Fighting
    14 | D        | Reached skill level 1 in Armour
    14 | D        | Reached skill level 5 in Dodging
    14 | D        | Reached skill level 7 in Stealth
    14 | D        | Reached XP level 2. HP: 15/15 MP: 5/8
    14 | D        | Reached XP level 3. HP: 18/18 MP: 6/10
    14 | D        | Reached XP level 4. HP: 23/23 MP: 6/11
    19 | D        | Killed a necrophage
    19 | D        | Reached skill level 8 in Stealth
    19 | D        | Reached skill level 5 in Spellcasting
    19 | D        | Reached skill level 5 in Hexes
    19 | D        | Reached XP level 5. HP: 27/27 MP: 7/14
    34 | D        | Killed a necrophage
    34 | D        | Reached skill level 5 in Short Blades
    34 | D        | Reached skill level 9 in Stealth
    58 | D        | Killed a crocodile
    77 | D        | Killed a necrophage
    77 | D        | Reached XP level 6. HP: 16/31 MP: 7/17
   102 | D        | Learned a level 2 spell: Ensorcelled Hibernation
   106 | D        | Learned a level 3 spell: Confuse
   110 | D        | Learned a level 3 spell: Tukima's Dance
   114 | D        | Learned a level 3 spell: Dazzling Spray
   234 | D        | Noticed a neqoxec
   234 | D        | Noticed a neqoxec
   234 | D        | Noticed a neqoxec
   234 | D        | Noticed a neqoxec
   234 | D        | Gained mutation: You are clumsy. (Dex -2) [a neqoxec]
   240 | D        | Killed a neqoxec
   240 | D        | Reached skill level 10 in Stealth
   240 | D        | Reached skill level 1 in Ice Magic
   244 | D        | Killed a neqoxec
   244 | D        | Reached skill level 1 in Conjurations
   244 | D        | Reached XP level 7. HP: 20/35 MP: 11/19
   247 | D        | Killed a neqoxec
   247 | D        | Reached skill level 10 in Dodging
   247 | D        | Reached skill level 11 in Stealth
   249 | D        | Gained mutation: Your spells are a little harder to cast, but a little more powerful. [a neqoxec]
   252 | D        | Killed a neqoxec
   254 | D        | Noticed a flying skull
   254 | D        | Noticed a flying skull
   254 | D        | Noticed a flying skull
   255 | D        | Noticed a flying skull
   255 | D        | Noticed a flying skull
   255 | D        | Noticed a flying skull
   256 | D        | Noticed a flying skull
   256 | D        | Noticed a flying skull
   256 | D        | Noticed a flying skull
   256 | D        | Noticed a flying skull
   257 | D        | Noticed a flying skull
   257 | D        | Noticed a flying skull
   439 | D        | Noticed a tyrant leech
   439 | D        | Noticed a tyrant leech
   446 | D        | Killed a merfolk siren
   446 | D        | Reached skill level 12 in Stealth
   446 | D        | Reached XP level 8. HP: 41/41 MP: 22/22
   465 | D        | Noticed Roxanne
   467 | D        | Noticed Menkaure
   469 | D        | Killed Menkaure
   485 | D        | Killed a tyrant leech
   492 | D        | Killed a tyrant leech
   492 | D        | Reached skill level 10 in Spellcasting
   515 | D        | Found Evuheaje's Antique Weapon Shop.
   516 | D        | Found Usumoisu's Jewellery Boutique.
   517 | D        | Found Qeomp's Antique Armour Boutique.
   517 | D        | Found Iteome's Jewellery Shop.
   518 | D        | Found Vaohid's Jewellery Shop.
   518 | D        | Found Xaicwas's Gadget Boutique.
   525 | D        | Found Fathra's Antique Armour Boutique.
   525 | D        | Found Ifoled's General Store.
   527 | D        | Found Noeckudgh's Food Shop.
   528 | D        | Found Ycoxoh's Magic Scroll Shop.
   528 | D        | Found Ocrist's Distillery.
   529 | D        | Found Oheelum's Jewellery Shop.
   529 | D        | Found Omeufach's Gadget Boutique.
   530 | D        | Found Daub's Book Shop.
   530 | D        | Found Hoeschafo's Distillery.
   532 | D        | Noticed an iron elemental
   533 | D        | Noticed an oklob plant
   534 | D        | Found Xotsecva's Book Shoppe.
   545 | D        | Noticed a death yak
   571 | D        | Bought a glowing scarf for 192 gold pieces
   578 | D        | Bought a glowing robe for 77 gold pieces
   593 | D        | Bought an uncursed ring of flight for 192 gold pieces
   595 | D        | Bought a +2 ring of intelligence for 82 gold pieces
   597 | D        | Bought an uncursed amulet of regeneration for 420 gold pieces
   634 | D        | Found an iron altar of Okawaru.
   634 | D        | Found a radiant altar of Vehumet.
   635 | D        | Found a glowing silver altar of Zin.
   636 | D        | Found a sparkling altar of Nemelex Xobeh.
   636 | D        | Found a hide-covered altar of Uskayaw.
   637 | D        | Found an opulent altar of Gozag.
   637 | D        | Found a burning altar of Makhleb.
   637 | D        | Found a bloodstained altar of Trog.
   638 | D        | Found a basalt altar of Yredelemnul.
   639 | D        | Found a blossoming altar of Fedhas.
   639 | D        | Found a corrupted altar of Lugonu.
   639 | D        | Found a deep blue altar of Sif Muna.
   640 | D        | Found a white marble altar of Elyvilon.
   640 | D        | Found an ancient bone altar of Kikubaaqudgha.
   641 | D        | Found a shadowy altar of Dithmenos.
   641 | D        | Found a viscous altar of Jiyva.
   642 | D        | Found a snail-covered altar of Cheibriados.
   644 | D        | Found a roughly hewn altar of Beogh.
   644 | D        | Found a shimmering altar of Xom.
   644 | D        | Found a sacrificial altar of Ru.
   644 | D        | Found a hazy altar of Hepliaklqana.
   644 | D        | Noticed a hornet
   644 | D        | Noticed a polar bear
   645 | D        | Found a glowing golden altar of the Shining One.
   645 | D        | Found an ornate altar of the Wu Jian Council.
   645 | D        | Found a stormy altar of Qazlal.
   645 | D        | Noticed a yaktaur
   647 | D        | Noticed a polar bear
   648 | D        | Noticed a polar bear
   661 | D        | Killed a polar bear
   661 | D        | Reached skill level 13 in Stealth
   661 | D        | Reached skill level 1 in Evocations
   662 | D        | Killed a polar bear
   662 | D        | Reached XP level 9. HP: 32/45 MP: 9/24
   675 | D        | Killed a polar bear
   678 | D        | Reached skill level 5 in Fighting
   696 | D        | Killed a yaktaur
   713 | D        | Became a worshipper of Dithmenos the Shadowed
   724 | D        | Noticed a polar bear
   725 | D        | Noticed a polar bear
   726 | D        | Killed a polar bear
   726 | D        | Reached skill level 14 in Stealth
   728 | D        | Killed a polar bear
   728 | D        | Reached skill level 1 in Invocations
   742 | D        | Noticed an ice dragon
   759 | D        | Killed an ice dragon
   759 | D        | Reached * piety under Dithmenos
   759 | D        | Reached skill level 10 in Short Blades
   770 | D        | Noticed a deep elf master archer
   866 | D        | Noticed a great orb of eyes
   869 | D        | Killed a great orb of eyes
   869 | D        | Reached skill level 5 in Armour
   869 | D        | Reached XP level 10. HP: 50/50 MP: 26/26
   908 | D        | Noticed a death drake
   919 | D        | Noticed a kraken
   945 | D        | Reached ** piety under Dithmenos
   945 | D        | Reached skill level 15 in Stealth
  1020 | D        | Noticed an ice statue
  1047 | D        | Noticed a deep troll
  1048 | D        | Noticed a deep troll
  1069 | D        | Killed a deep troll
  1069 | D        | Reached skill level 5 in Evocations
  1070 | D        | Slain by a deep troll

Vault maps used:
D:        the_violet_keep_of_menkaure

Skill      XL: |  1  2  3  4  5  6  7  8  9 10 |
---------------+-------------------------------+-----
Fighting       | 1 2 3 4 5 |  5.7
Short Blades   | 3 4 6 7 8 9 10 | 10.8
Armour         | 1 2 3 4 5 |  5.1
Dodging        | 5 7 8 9 10 12 13 | 13.9
Stealth        | 7 8 9 10 12 13 14 15 | 15.3
Spellcasting   | 4 5 7 8 9 10 11 12 | 12.0
Hexes          | 4 5 6 7 8 9 |  9.3
Ice Magic      | 1 2 3 4 |  4.6
Conjurations   | 1 2 3 4 |  4.0
Evocations     | 1 4 5 |  5.0
Invocations    | 2 |  2.6

Action                   |  1- 3 |  4- 6 |  7- 9 | 10-12 || total
-------------------------+-------+-------+-------+-------++-------
Melee: Dagger            |     9 |    60 |    48 |    16 ||   133
 Cast: Corona            |       |     8 |       |       ||     8
       Dazzling Spray    |       |     1 |     4 |       ||     5
       Ensorcelled Hiber |       |       |     8 |    11 ||    19
       Confuse           |       |       |     6 |     2 ||     8
  Use: Potion            |     1 |     1 |       |       ||     2
 Stab: Invisible         |       |     2 |     2 |       ||     4
       Sleeping          |       |       |    11 |     3 ||    14
       Confused          |       |       |     9 |     2 ||    11
Armor: Robe              |     1 |     1 |     3 |       ||     5
Dodge: Dodged            |     4 |    61 |    56 |    20 ||   141
